[Event "NJSK 2023 Jeugd C"]
[Site "Almelo, Netherlands"]
[Date "2023.04.30"]
[Round "1.1"]
[White "Aravindhan, Achyuth"]
[Black "Van Batenburg, Mees"]
[Result "1-0"]
[TimeControl "90min/40moves + 30min + 30sec/move"]
[WhiteElo "1833"]
[BlackElo "2054"]

1. e4 e6 2. d4 d5 3. Nd2 Be7 4. Bd3 c5 5. dxc5 Nf6 6. exd5 Qxd5 7. Ngf3 Bxc5 8. O-O O-O 9. Nb3 Bb6 10.
Bf4 Nc6 11. Qe2 Qh5 12. h3 Re8 13. Rfe1 Nd5 14. Bg3 Bc7 15. Bxc7 Nxc7 16. Rad1 Nd5 17. Bxh7+ Kxh7 18. Qe4+ f5 19.
Rxd5 Bd7 20. Rc5 b6 21. Qd3 bxc5 22. Qxd7 Nb4 23. Nxc5 Rad8 24. Qxa7 Nxc2 25. Rxe6 Rxe6 26. Nxe6 Rd1+ 27.
Kh2 Qg6 28. Nf8+ 1-0

[Event "NJSK 2023 Jeugd C"]
[Site "Almelo, Netherlands"]
[Date "2023.04.30"]
[Round "1.2"]
[White "Zhu, Chenwu"]
[Black "Ten Kate, Gustav"]
[Result "1-0"]
[TimeControl "90min/40moves + 30min + 30sec/move"]
[WhiteElo "2052"]
[BlackElo "1815"]

1. e4 e6 2. d4 d5 3. Nd2 Nf6 4. e5 Nfd7 5. Bd3 c5 6. c3 Nc6 7. Ne2 cxd4 8. cxd4 f6 9. exf6 Nxf6 10.
Nf3 Be7 11. O-O O-O 12. Bg5 Ng4 13. Bxe7 Qxe7 14. h3 Nf6 15. Ng3 e5 16. dxe5 Nxe5 17. Re1 Nxf3+ 18. Qxf3 Qd6 19. Bf5 Ne4 20.
Nxe4 dxe4 21. Qb3+ Rf7 22. Bxh7+ Kf8 23. Rad1 Qf6 24. Qb4+ Qe7 25. Rd8# 1-0

[Event "NJSK 2023 Jeugd C"]
[Site "Almelo, Netherlands"]
[Date "2023.04.30"]
[Round "1.3"]
[White "Vijver, Jonathan"]
[Black "Arnold, Rhys"]
[Result "1/2-1/2"]
[TimeControl "90min/40moves + 30min + 30sec/move"]
[WhiteElo "1781"]
[BlackElo "2003"]

1. e4 c5 2. d4 cxd4 3. c3 dxc3 4. Nxc3 Nc6 5. Nf3 e6 6. Bc4 a6 7. O-O Nge7 8. Bg5 h6 9. Be3 b5 10.
Bb3 Na5 11. Re1 Bb7 12. Ne5 Qc7 13. Bf4 Nxb3 14. Qxb3 d6 15. Nf3 Ng6 16. Be3 Be7 17. Rac1 Qa5 18. a3 O-O 19. Bd2 Qd8 20.
a4 Rb8 21. axb5 axb5 22. Be3 Qd7 23. Ra1 Rfc8 24. Ra7 Qe8 25. Ra5 Bc6 26. Nd4 b4 27. Nce2 Kh7 28. Ng3 Bf6 29. f3 Bd7 30.
Nh5 Bxd4 31. Bxd4 e5 32. Be3 Qd8 33. Qxf7 Qe7 34. Qxe7 Nxe7 35. Ra7 Rd8 36. Rc1 Nc8 37. Rac7 Kg6 38. Ng3 b3 39. Ne2 Nb6 40.
Bxb6 Rxb6 41. Ra7 Bc6 42. Rc7 Bd7 43. R1c3 Kf6 44. Nc1 Be6 45. Kf2 Ra8 46. Nd3 Ra2 47. g3 Ra1 48. Rc1 Rba6 49.
f4 exf4 50. gxf4 R6a2 51. Rxa1 Rxa1 52. Rc6 Ke7 53. Rc7+ Kf6 54. Rc6 1/2-1/2

[Event "NJSK 2023 Jeugd C"]
[Site "Almelo, Netherlands"]
[Date "2023.04.30"]
[Round "1.4"]
[White "Groenewoud, Joel"]
[Black "Chua, Ethan"]
[Result "1-0"]
[TimeControl "90min/40moves + 30min + 30sec/move"]
[WhiteElo "1990"]
[BlackElo "1776"]

1. e4 e6 2. d4 d5 3. Nc3 dxe4 4.
Nxe4 Be7 5. Nf3 Nf6 6. Nxf6+ Bxf6 7. Bd3 O-O 8. Be3 Nd7 9. c3 Re8 10. Qc2 h6 11. O-O-O c6 12. g4 Qa5 13.
Kb1 e5 14. h4 exd4 15. cxd4 Qd5 16. Rh3 Nf8 17. Rg3 Bd8 18. g5 h5 19. g6 Be6 20. gxf7+ Bxf7 21. b3 b5 22. Ne5 Bf6 23.
Nxf7 Kxf7 24. Bg5 Re6 25. Bf5 Rd6 26. Be4 Qe6 27. Bxf6 gxf6 28. Bg6+ Nxg6 29. Qxg6+ Kf8 30. Qg7+ Ke8 31. Qh8+ Kd7 32. Rg7+ Qe7 33.
Rxe7+ Kxe7 34. Qxa8 1-0

[Event "NJSK 2023 Jeugd C"]
[Site "Almelo, Netherlands"]
[Date "2023.04.30"]
[Round "1.5"]
[White "Roorda, Cas"]
[Black "Terlouw, Wouter"]
[Result "0-1"]
[TimeControl "90min/40moves + 30min + 30sec/move"]
[WhiteElo "1769"]
[BlackElo "1923"]

1. e4 c5 2. Nf3 Nc6 3. d4 cxd4 4. Nxd4 Nf6 5. Nc3 e5 6. Ndb5 d6 7. Nd5 Nxd5 8. exd5 Nb8 9. c4 Be7 10. Bd3 O-O 11. O-O a6 12. Nc3 f5 13. f3 Nd7 14. Kh1 Nc5 15. Bc2 a5 16. a3 Qe8 17. Be3 Rf6 18. Qd2 f4 19. Bg1 a4 20. Nb5 Qh5 21. Bxc5 dxc5 22. d6 Bxd6 23.
Nxd6 Rh6 24. g4 fxg3 25. Nxc8 Qxh2+ 26. Qxh2 Rxh2+ 27. Kg1 Rxc2 28. Ne7+ Kf7 29. Nf5 Rd8 30. Rfd1 Rxd1+ 31. Rxd1 Rxb2 32.
Nxg3 Rb3 33. Ne4 Rxa3 34. Kf2 b6 35. Rd7+ Kg8 36. Rd8+ Kf7 37. Rd7+ Kf8 38. Ra7 Ra1 39. Nc3 a3 40.
Ke2 h5 41. Kf2 Kg8 42. Ra6 Kf7 43. Kg3 g6 44. Kg2 Kg7 45. Nb5 a2 46. Nc7 h4 47. Nd5 h3+ 48. Kh2 g5 49. Ra7+ Kh6 50.
Ra6 Kh5 51. Ra7 Kg6 52. Ne7+ Kf6 53. Nd5+ Kf5 54. Ra8 e4 55. fxe4+ Kxe4 56. Nxb6 g4 0-1

[Event "NJSK 2023 Jeugd C"]
[Site "Almelo, Netherlands"]
[Date "2023.04.30"]
[Round "1.6"]
[White "Madularea, David"]
[Black "Etienne, Ghilon"]
[Result "1-0"]
[TimeControl "90min/40moves + 30min + 30sec/move"]
[WhiteElo "1895"]
[BlackElo "1673"]

1. e4 e5 2. Nf3 Nc6 3. Bb5 g6 4. c3 Bg7 5. d4 Nge7 6. O-O a6 7. Bxc6 Nxc6 8. Bg5 f6 9. Bh4 d6 10. h3 O-O 11.
Qb3+ Kh8 12. Rd1 Qe7 13. dxe5 dxe5 14. Qa3 Qxa3 15. Nxa3 Be6 16. Nc2 Rad8 17. Ne3 Rfe8 18. Nd5 Bxd5 19.
Rxd5 Rd6 20. Rxd6 cxd6 21. Rd1 Rd8 22. Rd3 Kg8 23. Nd2 Kf7 24. Nc4 Ke6 25. Nb6 Ne7 26. f3 Nc8 27. Nd5 Ne7 28.
Nb6 Nc8 29. Nd5 Ne7 30. Bf2 Nxd5 31. Rxd5 Bf8 32. Bc5 Be7 33. Bb4 Rc8 34. b3 b6 35. c4 Rc6 36. Kf2 f5 37. Ke3 Bg5+ 38.
Kd3 Be7 39. Bd2 f4 40. Be1 Rc5 41. Bf2 Rc6 42. b4 Bd8 43. a4 Bc7 44. b5 axb5 45. axb5 Rc5 46. Bxc5 bxc5 47. Kc2 Bb6 48.
Rd1 Kd7 49. Ra1 Bc7 50. Ra8 Bd8 51. Ra7+ Kc8 52. Rxh7 g5 53. Kb3 Bf6 54. b6 Kb8 55. Ka4 Ka8 56. Kb5 Kb8 57. Kc6 d5 58.
exd5 e4 59. fxe4 f3 60. gxf3 g4 61. fxg4 Kc8 62. Rf7 Bh4 63. Rf8+ Bd8 64. d6 Kb8 65. Rxd8# 1-0

[Event "NJSK 2023 Jeugd C"]
[Site "Almelo, Netherlands"]
[Date "2023.04.30"]
[Round "1.7"]
[White "Wortman, Rawi"]
[Black "Kurt, Sascha"]
[Result "0-1"]
[TimeControl "90min/40moves + 30min + 30sec/move"]
[WhiteElo "1668"]
[BlackElo "1894"]

1. e4 c5 2. c3 Nf6 3. e5 Nd5 4. d4 cxd4 5. Nf3 e6 6. cxd4 d6 7. Nc3 Nxc3 8. bxc3 Qc7 9. Qc2 Nd7 10. Bf4 Be7 11. exd6 Bxd6 12. Bxd6 Qxd6 13. Bd3 h6 14. O-O O-O 15. Rfe1 b6 16. a4 Bb7 17. Be4 Bxe4 18. Qxe4 Nf6 19. Qd3 Rac8 20.
a5 b5 21. Ne5 Rfd8 22. Qf3 Qd5 23. Rec1 Qxf3 24. Nxf3 Nd5 25. a6 Nxc3 26. Kf1 b4 27. Rc2 Nd5 28. Rb2 Rd6 29. Ne5 f6 30.
Nd3 Rc4 31. Ra4 Rxd4 32. Nxb4 Rd1+ 33. Ke2 Nc3+ 0-1

[Event "NJSK 2023 Jeugd C"]
[Site "Almelo, Netherlands"]
[Date "2023.04.30"]
[Round "1.8"]
[White "Zecha, Oscar"]
[Black "Fallaux, Storm"]
[Result "1/2-1/2"]
[TimeControl "90min/40moves + 30min + 30sec/move"]
[WhiteElo "1879"]
[BlackElo "1650"]

1. e4 c5 2. Nf3 d6 3. d4 cxd4 4. Nxd4 Nf6 5. Nc3 a6 6. f3 e5 7. Nb3 Be6 8. Be3 Be7 9. Qd2 h5 10.
O-O-O Nbd7 11. Kb1 b5 12. Be2 Nb6 13. Na5 Qc7 14. a3 O-O 15. Rhg1 Nc4 16. Nxc4 bxc4 17. Nd5 Bxd5 18. exd5 Rab8 19.
Qc3 Rfc8 20. Ka1 Qb7 21. Rb1 Nxd5 22. Qd2 Nxe3 23. Qxe3 d5 24. c3 Bc5 25. Qd2 Bxg1 26. Rxg1 Qb6 27.
Rd1 d4 28. f4 dxc3 29. Qxc3 Qb3 30. Qxb3 Rxb3 31. Ka2 Rcb8 32. Rd2 exf4 33. Bxc4 R3b6 34. b4 Rc6 35. Kb3 Rbc8 36. Be2 g6 37.
a4 Kf8 38. b5 axb5 39. axb5 Re6 40. Kb4 Ke7 41. Bf3 Kf6 42. Ka5 Rc1 43. Rb2 Rc5 44. Kb4 Ree5 45. Ka5 Re6 46. Kb4 Rce5 47.
Ka4 Rb6 48. Ka5 Ree6 49. Rc2 Ke7 50. Rc7+ Ke8 51. Bd5 Red6 52. Bxf7+ Kd8 53. Rc4 Rf6 54. Bd5 h4 55. h3 Rfd6 56.
Bf3 Rf6 1/2-1/2

[Event "NJSK 2023 Jeugd C"]
[Site "Almelo, Netherlands"]
[Date "2023.04.30"]
[Round "1.9"]
[White "Thijssen, Freek"]
[Black "Kazarjan, Gachatur"]
[Result "1/2-1/2"]
[TimeControl "90min/40moves + 30min + 30sec/move"]
[WhiteElo "1644"]
[BlackElo "1872"]

1. e4 c5 2. Nf3 d6 3. d4 cxd4 4. Nxd4 Nf6 5. Nc3 g6 6. Be3 Bg7 7. f3 O-O 8. Qd2 Nc6 9. g4 Bd7 10.
O-O-O Rc8 11. h4 h5 12. g5 Ne8 13. Be2 Ne5 14. Rhf1 Nc4 15. Bxc4 Rxc4 16. Qd3 Rc8 17. Nde2 b5 18.
Bd4 Nc7 19. Bxg7 Kxg7 20. Nf4 b4 21. Nce2 Bb5 22. Qe3 a5 23. Rd2 Ne6 24. Rfd1 Bxe2 25. Rxe2 Nxf4 26. Qxf4 Qd7 27. e5 Qe6 28.
Kb1 Rc4 29. Rd4 Rfc8 30. Rxc4 Rxc4 31. Qh2 Qd5 32. Re1 Rd4 33. Qe2 dxe5 34. c3 bxc3 35. Qxe5+ Qxe5 36. Rxe5 cxb2 37. Rxa5 Rxh4 38.
Kxb2 Rf4 39. Ra3 h4 40. Re3 h3 41. Rxe7 Rxf3 42. Re1 Rg3 43. Rh1 f6 44. gxf6+ Kxf6 45. Rf1+ Ke5 46. a4 h2 47.
Rh1 Rh3 48. a5 Kd6 49. Kc2 g5 50. Kd2 g4 51. Ke2 Ra3 52. Kf2 g3+ 53. Kg2 Kc5 54. Rb1 Kd4 55. Rf1 Ke4 56. a6 h1=Q+ 57. Rxh1 Kf4 58. Rh4+ Ke5 1/2-1/2

[Event "NJSK 2023 Jeugd C"]
[Site "Almelo, Netherlands"]
[Date "2023.04.30"]
[Round "1.10"]
[White "Lopes, Samuel"]
[Black "De Wit, Evan"]
[Result "1/2-1/2"]
[TimeControl "90min/40moves + 30min + 30sec/move"]
[WhiteElo "1865"]
[BlackElo "1563"]

1. e4 c5 2. Nf3 d6 3. Bb5+ Bd7 4. c4 a6 5. Bxd7+ Nxd7 6. Nc3 Ngf6 7. O-O e6 8. d4 cxd4 9.
Nxd4 Nc5 10. Qe2 Be7 11. Kh1 Qc7 12. f3 h5 13. Be3 Ncd7 14. Rac1 Rg8 15. Bg5 Qa5 16. Qd2 Ne5 17. b3 Rh8 18.
Rfd1 h4 19. f4 Ned7 20. Nf3 h3 21. g3 Qc5 22. Rf1 Qc6 23. Rce1 Nc5 24. Qc2 O-O-O 25. e5 Ng8 26. Bxe7 Nxe7 27.
exd6 Nf5 28. Ne4 Nxd6 29. Nxc5 Qxc5 30. Qf2 Qc6 31. Kg1 Ne4 32. Qe3 Nc5 33. Re2 Rd3 34. Qf2 Ne4 35. Ne5 Nxf2 36.
Nxc6 bxc6 37. Kxf2 Rhd8 38. Re3 Rd2+ 39. Re2 Kc7 40. Rfe1 Kb6 41. a3 R8d3 42. Rxd2 Rxd2+ 43. Re2 Rd3 44.
Re3 1/2-1/2

[Event "NJSK 2023 Jeugd C"]
[Site "Almelo, Netherlands"]
[Date "2023.04.30"]
[Round "1.11"]
[White "Verwer, Oscar"]
[Black "Krylov, Philippe"]
[Result "0-1"]
[TimeControl "90min/40moves + 30min + 30sec/move"]
[WhiteElo "1549"]
[BlackElo "1858"]

1. e4 c6 2. Nf3 d5 3. Nc3 Nf6 4. e5 Ne4 5. d4 Nxc3 6. bxc3 c5 7. c4 Nc6 8. cxd5 Qxd5 9. Be3 cxd4 10.
Bxd4 Bg4 11. Be2 Rd8 12. c3 e6 13. O-O Be7 14. h3 Bh5 15. Qd2 O-O 16. Rfd1 Qa5 17. Qe3 Rd7 18. Rd2 Rfd8 19.
Rad1 h6 20. Qe4 Qc7 21. Bd3 Bg6 22. Qg4 Bxd3 23. Rxd3 Rd5 24. R3d2 Nxd4 25. cxd4 b5 26. Qe4 Rc8 27. g4 b4 28.
h4 Qd8 29. h5 Qc7 30. Qe3 Qd8 31. Qe4 Rc3 32. Rc2 Qa5 33. Rdc1 Ra3 34. Qe2 Rd8 35. Ne1 Rxd4 36. Rb2 Rd8 37.
f4 Qb6+ 38. Kh2 Qe3 39. Qxe3 Rxe3 40. Rbc2 Ra3 41. Re2 a5 42. f5 a4 43. Rb1 Rc3 44. Rbb2 Rd4 45. Rg2 b3 46. axb3 axb3 47. Rg3 Rdc4 48.
Rxb3 Rxg3 49. Kxg3 exf5 50. gxf5 Bh4+ 0-1

[Event "NJSK 2023 Jeugd C"]
[Site "Almelo, Netherlands"]
[Date "2023.04.30"]
[Round "1.12"]
[White "Roolvink, William"]
[Black "Frederiks, Jesse"]
[Result "1-0"]
[TimeControl "90min/40moves + 30min + 30sec/move"]
[WhiteElo "1852"]
[BlackElo "1510"]

1. e4 e6 2. Nf3 d5 3. Nc3 d4 4. Ne2 c5 5. c3 Nc6 6. cxd4 cxd4 7. Qa4 Bc5 8. b4 d3 9. bxc5 dxe2 10. Bxe2 Bd7 11. d4 Nf6 12.
Qc2 Nb4 13. Qb1 a5 14. a3 Nc6 15. Bf4 O-O 16. Bd6 Re8 17. O-O a4 18. e5 Nd5 19. Qxb7 Na5 20. Qb2 Nb3 21. Rab1 Bc6 22.
Nd2 Nf4 23. Bf3 Bxf3 24. Nxf3 h5 25. g3 Ng6 26. Nd2 Nxd2 27. Qxd2 h4 28. c6 h3 29. c7 Qd7 30. f4 f5 31.
Rb8 Nh8 32. Rfb1 Nf7 33. Rxa8 Nxd6 34. exd6 Rxa8 35. Rb8+ Rxb8 36. cxb8=Q+ Kh7 37. Qc2 Qf7 38. Qcc8 Qf6 39. Qh8+ Kg6 40.
Qbe8+ Qf7 41. d7 Qxe8 42. dxe8=Q+ Kf6 43. Qhf8# 1-0

[Event "NJSK 2023 Jeugd C"]
[Site "Almelo, Netherlands"]
[Date "2023.04.30"]
[Round "1.13"]
[White "Klein Tuente, Sam"]
[Black "Wink, Luka"]
[Result "0-1"]
[TimeControl "90min/40moves + 30min + 30sec/move"]
[WhiteElo "1478"]
[BlackElo "1849"]

1. e4 c5 2. Nf3 d6 3. d4 cxd4 4. Nxd4 Nf6 5. Nc3 g6 6. Bb5+ Bd7 7. Bxd7+ Qxd7 8. Be3 Bg7 9. O-O Ng4 10.
Qd2 Nxe3 11. Qxe3 Nc6 12. Nb3 O-O 13. Rad1 Rab8 14. Nc5 Qc8 15. Nb3 Ne5 16. Nd5 Re8 17. c3 Nc4 18. Qc1 b5 19.
Nd4 a5 20. b3 Ne5 21. f4 Nc6 22. Qd2 Qb7 23. Nxc6 Qxc6 24. Rc1 e6 25. Ne3 Qxe4 26. Nc2 Rbc8 27. Rfe1 Qc6 28. Nd4 Qc5 29.
Kh1 b4 30. Re3 Bxd4 31. Rh3 bxc3 32. Qe1 c2 33. Qh4 h5 34. Qg3 Bb2 35. Rxh5 Qxh5 36. Rg1 c1=Q 37. h3 Bd4 38. Re1 Qhd1 39. h4 Qxe1+ 40. Qxe1 Qxe1+ 41. Kh2 Qxh4# 0-1

[Event "NJSK 2023 Jeugd C"]
[Site "Almelo, Netherlands"]
[Date "2023.04.30"]
[Round "1.14"]
[White "Katpatal, Akshaj"]
[Black "Rooijakkers, Liam"]
[Result "1-0"]
[TimeControl "90min/40moves + 30min + 30sec/move"]
[WhiteElo "1840"]
[BlackElo "1322"]

1. e4 d6 2. d4 Nf6 3. Nc3 Nbd7 4. Nf3 e5 5. Bg5 Be7 6. dxe5 dxe5 7. Bc4 h6 8. Bxf6 Bxf6 9. Qe2 c6 10. a3 Qc7 11. O-O Nf8 12. Bb3 g5 13. Rad1 Be6 14. h3 Bxb3 15.
cxb3 Ne6 16. Rc1 Qb6 17. Qe3 Qxb3 18. Nd5 Qxe3 19. Nxf6+ Ke7 20. fxe3 Kxf6 21. Nh4+ Kg7 22. Nf5+ Kg6 23.
Nd6 Nd8 24. Rf5 f6 25. Rcf1 Rf8 26. Rxe5 Nf7 27. Re6 Nxd6 28. Rxd6 Rae8 29. Rd4 Re7 30. Kf2 Rff7 31. Ke2 Rd7 32.
Kd3 b5 33. b4 a6 34. Rf5 Rxd4+ 35. exd4 Rd7 36. g4 Rd6 37. Rc5 h5 38. Rf5 hxg4 39. hxg4 Rd7 40. Rc5 Rd6 41. Ke3 Kf7 42.
d5 cxd5 43. exd5 Ke7 44. Ke4 Rd7 45. Rc6 Kf7 46. Kd4 Ra7 47. d6 Ke6 48. Kc5 Kd7 49. Kd5 Rb7 50. Rxa6 Rb8 51. Ra7+ Ke8 52.
Ke6 Rd8 53. Rh7 1-0

[Event "NJSK 2023 Jeugd C"]
[Site "Almelo, Netherlands"]
[Date "2023.04.30"]
[Round "1.15"]
[White "Zootjes, Aäron"]
[Black "Ambrona Navarro, Himar"]
[Result "0-1"]
[TimeControl "90min/40moves + 30min + 30sec/move"]
[WhiteElo "1172"]
[BlackElo "1834"]

1. e4 c6 2. d4 d5 3. exd5 cxd5 4. c4 Nf6 5. Nf3 Nc6 6. Nc3 Bf5 7. Bf4 Nb4 8. Qa4+ Nc6 9. Ne5 Bd7 10.
Nxd7 Qxd7 11. Bd3 e6 12. c5 Be7 13. O-O O-O 14. Nb5 a6 15. Nd6 Nh5 16. Be5 Nxe5 17. Qxd7 Nxd7 18. Nxb7 Nf4 19.
Rad1 Nxd3 20. Rxd3 Nb8 21. Na5 Rc8 22. a3 Nc6 23. Nb3 Bf6 24. Nd2 Nxd4 25. b4 Nc6 26. Rg3 Be5 27. f4 Bd4+ 28.
Kh1 Ne7 29. Rd3 Bf6 30. g4 g6 31. g5 Bg7 32. Nf3 Nf5 33. Kg1 Rab8 34. Re1 a5 35. Rb1 Rxc5 36. bxc5 Rxb1+ 37. Kg2 a4 38.
Ne5 Bxe5 39. fxe5 Rc1 0-1

[Event "NJSK 2023 Jeugd C"]
[Site "Almelo, Netherlands"]
[Date "2023.05.01"]
[Round "2.1"]
[White "Krylov, Philippe"]
[Black "Zhu, Chenwu"]
[Result "1-0"]
[TimeControl "90min/40moves + 30min + 30sec/move"]
[WhiteElo "1858"]
[BlackElo "2052"]

1. d4 d5 2. c4 e6 3. Nc3 c5 4. cxd5 exd5 5. Nf3 Nc6 6. g3 Nf6 7. Bg2 Be7 8. O-O O-O 9. Bg5 cxd4 10.
Nxd4 h6 11. Be3 Re8 12. Rc1 Bf8 13. Qa4 Na5 14. Qc2 Bg4 15. Nb3 Rc8 16. Nxa5 Qxa5 17. Qb3 Rcd8 18. Rfd1 Re7 19. Nxd5 Nxd5 20.
Rxd5 Rxd5 21. Qxd5 Qb4 22. Qd4 Qxd4 23. Bxd4 b6 24. e3 Re8 25. Rc7 Re7 26. Rxe7 Bxe7 27. Bd5 Kf8 28. f3 Bd7 29.
Kf2 Bc5 30. Bxc5+ bxc5 31. Bc4 Ke7 32. e4 f6 33. Ke3 Kd6 34. f4 Bg4 35. Be2 Be6 36. b3 Kc6 37. Bc4 Bg4 38. e5 fxe5 39.
fxe5 Bf5 40. Kf4 Bb1 41. a3 Bc2 42. b4 cxb4 43. axb4 Bg6 44. Ke3 Bh5 45. Kd4 Bg6 46. b5+ Kc7 47.
Kc5 Be4 48. Bd5 Bf5 49. Bf7 Kd8 50. Kd6 Bd7 51. e6 Bxb5 52. e7+ Kc8 53. Be6+ Kb7 54. Bd7 1-0

[Event "NJSK 2023 Jeugd C"]
[Site "Almelo, Netherlands"]
[Date "2023.05.01"]
[Round "2.2"]
[White "Wink, Luka"]
[Black "Groenewoud, Joel"]
[Result "1-0"]
[TimeControl "90min/40moves + 30min + 30sec/move"]
[WhiteElo "1849"]
[BlackElo "1990"]

1. e4 c6 2. d4 d5 3. e5 c5 4. Nf3 Nc6 5. dxc5 Bg4 6. c3 a6 7. Qb3 Bxf3 8. Qxb7 Na5 9. Qb4 Nc6 10.
Qa4 Qc8 11. gxf3 e6 12. Be3 Nge7 13. Nd2 Qd7 14. Bb5 Qb7 15. Bxc6+ Qxc6 16. Qxc6+ Nxc6 17. f4 a5 18. Nf3 Kd7 19.
Kd2 Be7 20. a4 Rhc8 21. Rhb1 Rab8 22. Kc2 Rb7 23. Ne1 g5 24. fxg5 Nxe5 25. b4 Nc4 26. h4 e5 27. Nd3 Ke6 28.
Rb3 Kf5 29. Rd1 axb4 30. cxb4 d4 31. Nxe5 Nxe5 32. Bxd4 Nc6 33. Kc3 Kg4 34. Bf6 Bxf6+ 35. gxf6 h5 36. b5 Ne5 37. Rb4+ Kf5 38.
c6 Kxf6 39. Kb3 Rbb8 40. a5 Ke6 41. f4 Nxc6 42. bxc6 Rxb4+ 43. Kxb4 Rxc6 44. Kb5 Rc2 45. Ra1 Kd5 46. Kb6 Ke4 47.
Ra4+ Kf5 48. a6 Kg4 49. a7 Rc8 50. a8=Q Rxa8 51. Rxa8 Kxf4 52. Kc5 f5 53. Rg8 Ke3 54. Rg5 f4 55.
Rxh5 1-0

[Event "NJSK 2023 Jeugd C"]
[Site "Almelo, Netherlands"]
[Date "2023.05.01"]
[Round "2.3"]
[White "Terlouw, Wouter"]
[Black "Roolvink, William"]
[Result "1/2-1/2"]
[TimeControl "90min/40moves + 30min + 30sec/move"]
[WhiteElo "1923"]
[BlackElo "1852"]

1. d4 Nf6 2. Nf3 g6 3. Nc3 d5 4. Bf4 Bg7 5. e3 O-O 6. Be2 c5 7. Qd2 Nc6 8. Ne5 Ne4 9. Nxe4 dxe4 10.
O-O-O Nxe5 11. dxe5 Be6 12. Qc3 Qc7 13. h4 a6 14. Bc4 Bxc4 15. Qxc4 Bxe5 16. Qxe4 Bxf4 17. Qxf4 Qxf4 18. exf4 Rad8 19. Rxd8 Rxd8 20.
Rd1 Rxd1+ 21. Kxd1 f6 22. Kd2 Kf7 23. Kd3 Ke6 24. Kc4 Kd6 25. a4 b6 26. g4 f5 27. g5 Kc6 28. Kd3 Kd5 29.
c4+ Kc6 30. b3 Kd6 31. Ke3 Kd7 32.
Kd3 Kc6 33. Kc2 Kd6 34. Kd3 e5 35.
Ke3 e4 36. f3 exf3 37. Kxf3 Kc6 38. Ke3 b5 39. Kd3 bxa4 40. bxa4 Kb6 41. Kc3 Ka5 42. Kb3 Kb6 43. Ka3 Kc6 44.
a5 Kd6 45. Kb3 Ke6 46. Kc3 Kd6 1/2-1/2

[Event "NJSK 2023 Jeugd C"]
[Site "Almelo, Netherlands"]
[Date "2023.05.01"]
[Round "2.4"]
[White "Ambrona Navarro, Himar"]
[Black "Madularea, David"]
[Result "0-1"]
[TimeControl "90min/40moves + 30min + 30sec/move"]
[WhiteElo "1834"]
[BlackElo "1895"]

1. d4 Nf6 2. Bg5 e6 3. Nd2 h6 4. Bh4 c5 5. e3 Nc6 6. c3 b6 7. Ngf3 Be7 8. Bd3 Bb7 9. O-O O-O 10.
Re1 cxd4 11. cxd4 Nb4 12. Bb1 Ba6 13. Bxf6 Bxf6 14. Qa4 Be7 15. a3 b5 16. Qb3 Nc6 17. Bd3 Qb6 18. Rac1 Rac8 19.
a4 Nb4 20. Bxb5 Bxb5 21. axb5 Qxb5 22. Rc3 a5 23. Ra1 d5 24. Ne5 Bd6 25. Ndf3 Ra8 26. Qa4 Qe2 27. Rb1 Rfd8 28. Nc6 Nxc6 29.
Rxc6 g6 30. Qc2 Qxc2 31. Rxc2 Rdc8 32. Rbc1 Rxc2 33. Rxc2 Rb8 34. Kf1 Kf8 35. Ke2 Ke7 36. Ne5 Bxe5 37. dxe5 Kd7 38. Kd2 Rb4 39. f4 h5 40. Kc1 a4 41.
Rc3 h4 42. Kb1 g5 43. g3 Ke7 44. Rd3 Kf8 45. Ka2 Kg7 46. Rd4 Rb3 47. e4 dxe4 48. Rxe4 gxf4 49. Rxf4 hxg3 50. Rg4+ Kf8 51.
hxg3 Re3 52. Rxa4 Rxe5 53. Ra3 Rb5 54. Re3 Ke7 55. Ka3 Kd6 56. b4 Kd5 57. Ka4 Rb8 58. Rc3 Ra8+ 59. Kb3 Rb8 60.
Rc5+ Kd4 61. Ka4 e5 62. Rc7 Ra8+ 63. Kb5 Rb8+ 64. Ka5 Ra8+ 65. Kb5 f5 66. Rd7+ Ke4 67. Kc5 Rg8 68. b5 Rxg3 69.
b6 Rb3 70. Kc6 f4 71. b7 f3 72. Rf7 Ke3 73. Kc7 e4 74. Rg7 Ke2 75. Re7 e3 76. Re6 Rxb7+ 77. Kxb7 f2 0-1

[Event "NJSK 2023 Jeugd C"]
[Site "Almelo, Netherlands"]
[Date "2023.05.01"]
[Round "2.5"]
[White "Kurt, Sascha"]
[Black "Katpatal, Akshaj"]
[Result "1-0"]
[TimeControl "90min/40moves + 30min + 30sec/move"]
[WhiteElo "1894"]
[BlackElo "1840"]

1. e4 e5 2. Nf3 Nc6 3. Bc4 Bc5 4. c3 Nf6 5. d4 exd4 6. e5 Ne4 7. Bd5 f5 8. cxd4 Bb4+ 9. Bd2 Nxd2 10.
Nbxd2 Qe7 11. O-O b6 12. Rc1 Bxd2 13. Rxc6 Bb7 14. Re6 dxe6 15. Bxb7 Rd8 16. Bc6+ Kf7 17. Qxd2 h6 18. Qc3 g5 19.
d5 Qc5 20. Nd4 exd5 21. e6+ Kf6 22.
Qd3 Rdf8 23. Qxf5+ Ke7 24. Qe5 Qd6 25. Qg7+ Kd8 26. Bb5 Kc8 27. e7 Rfg8 28. Qf7 Qf4 29. Qe6+ Kb8 30. Nc6+ Ka8 31.
Qxd5 Qd6 32. Qxd6 cxd6 33. Nd4 Kb7 34. Re1 a6 35. e8=Q Rxe8 36. Rxe8 1-0

[Event "NJSK 2023 Jeugd C"]
[Site "Almelo, Netherlands"]
[Date "2023.05.01"]
[Round "2.6"]
[White "Arnold, Rhys"]
[Black "Aravindhan, Achyuth"]
[Result "1-0"]
[TimeControl "90min/40moves + 30min + 30sec/move"]
[WhiteElo "2003"]
[BlackElo "1833"]

1. e4 c5 2. Nf3 Nc6 3. Bb5 g6 4. O-O Bg7 5. Nc3 d6 6. e5 Bd7 7. exd6 exd6 8. Bxc6 Bxc6 9. d4 Ne7 10.
d5 Bd7 11. Bf4 Bxc3 12. bxc3 Bg4 13. h3 Bxf3 14. Qxf3 O-O 15. Rfe1 Qd7 16. Bg5 Rfe8 17. Rxe7 Rxe7 18. Qf6 Re6 19.
dxe6 Qxe6 20. Qxe6 fxe6 21. Be7 1-0

[Event "NJSK 2023 Jeugd C"]
[Site "Almelo, Netherlands"]
[Date "2023.05.01"]
[Round "2.7"]
[White "De Wit, Evan"]
[Black "Zecha, Oscar"]
[Result "0-1"]
[TimeControl "90min/40moves + 30min + 30sec/move"]
[WhiteElo "1563"]
[BlackElo "1879"]

1. e4 e5 2. Nf3 Nc6 3. Bb5 Nf6 4.
O-O Nxe4 5. Re1 Nd6 6. Nxe5 Be7 7. Bf1 Nf5 8. Nf3 O-O 9. d4 d5 10. c3 Bd6 11. Bd3 Re8 12. Bg5 f6 13.
Be3 Nxe3 14. fxe3 f5 15. Qc2 Qf6 16. Qb3 Ne7 17. Nbd2 Kh8 18. c4 c6 19. Rf1 Qh6 20. Rae1 b6 21.
Qc2 g6 22. cxd5 cxd5 23. Bb5 Rf8 24. Bc6 Rb8 25. Ne5 Bxe5 26. dxe5 Ba6 27. Rf4 Rbc8 28. Qa4 Nxc6 29. Qxa6 Nxe5 30. Rd4 Ng4 31. h3 Nxe3 32.
Rd3 f4 33. Qxa7 Qg5 34. g4 Qh4 0-1

[Event "NJSK 2023 Jeugd C"]
[Site "Almelo, Netherlands"]
[Date "2023.05.01"]
[Round "2.8"]
[White "Kazarjan, Gachatur"]
[Black "Vijver, Jonathan"]
[Result "1-0"]
[TimeControl "90min/40moves + 30min + 30sec/move"]
[WhiteElo "1872"]
[BlackElo "1781"]

1. e4 e6 2. d4 d5 3. exd5 exd5 4. c4 Nf6 5. Nc3 Bf5 6. Qb3 c6 7. Qxb7 Qe7+ 8. Qxe7+ Bxe7 9. Nf3 O-O 10.
Be2 h6 11. O-O Nbd7 12. cxd5 cxd5 13. Bb5 Nb6 14. a4 Ne4 15. a5 Nxc3 16. bxc3 Nc4 17. Bxc4 dxc4 18. Bf4 Bf6 19. Ra4 Rfe8 20.
Rc1 Rac8 21. Nd2 Bd3 22. Nf1 Re4 23. g3 g5 24. Bd6 g4 25. Bf4 Kh7 26. Ne3 h5 27. Rb4 Be7 28. Rb7 Kg6 29.
Ra1 Ra8 30. Rc7 Bg5 31. Bxg5 Kxg5 32. Rxf7 a6 33. Rc7 Rf8 34. Rc6 h4 35. Rxa6 hxg3 36. hxg3 Rh8 37. Rb6 Rxe3 38. fxe3 Be4 39.
Rf1 Rh1+ 40. Kf2 Rh2+ 41. Ke1 Ra2 42. Rf4 Bd3 43. d5 Rxa5 44. e4 Ra2 45. Rf5# 1-0

[Event "NJSK 2023 Jeugd C"]
[Site "Almelo, Netherlands"]
[Date "2023.05.01"]
[Round "2.9"]
[White "Fallaux, Storm"]
[Black "Lopes, Samuel"]
[Result "1/2-1/2"]
[TimeControl "90min/40moves + 30min + 30sec/move"]
[WhiteElo "1650"]
[BlackElo "1865"]

1. e4 c5 2. Nf3 d6 3. d4 cxd4 4. Nxd4 Nf6 5. Nc3 Nc6 6. g3 g6 7. Bg2 Nxd4 8. Qxd4 Bg7 9. Qd3 O-O 10.
O-O Bd7 11. Be3 Ng4 12. Bf4 Bc6 13. Rad1 Qa5 14. Bd2 Qh5 15. h4 Ne5 16. Qe2 Qxe2 17. Nxe2 Bb5 18. Rfe1 Bxe2 19. Rxe2 Nc4 20.
b3 Nxd2 21. Rexd2 Rab8 22. c4 Rfc8 23. Rd5 b6 24. f4 Kf8 25. Bh3 Rc5 26. Kf2 Rxd5 27. cxd5 Ke8 28. Ke3 Kd8 29. Rc1 Bb2 30.
Rc4 Ba3 31. Ke2 Bc5 32. a4 b5 33. axb5 1/2-1/2

[Event "NJSK 2023 Jeugd C"]
[Site "Almelo, Netherlands"]
[Date "2023.05.01"]
[Round "2.10"]
[White "Van Batenburg, Mees"]
[Black "Thijssen, Freek"]
[Result "1/2-1/2"]
[TimeControl "90min/40moves + 30min + 30sec/move"]
[WhiteElo "2054"]
[BlackElo "1644"]

1. e4 e5 2. Nf3 Nc6 3. d4 exd4 4. Nxd4 Bc5 5. Nb3 Bb6 6. Nc3 d6 7. Qe2 Nge7 8. Be3 O-O 9. O-O-O Be6 10.
f4 Bxe3+ 11. Qxe3 a5 12. a4 Bxb3 13. cxb3 Nb4 14. Bc4 Re8 15. Rhe1 Qd7 16. Qd2 Rad8 17. f5 d5 18. Qg5 f6 19.
Qf4 c6 20. exd5 Nexd5 21. Rxe8+ Rxe8 22. Qf3 Re5 23. g4 Kf8 1/2-1/2